 Dungeon Crawl Stone Soup version 0.16.2-12-gd0ad4c3 (webtiles) character file.

2532 hannobal the Basher (level 9, -4/64 HPs)
             Began as a Formicid Fighter on Oct 6, 2015.
             Was an Initiate of Ru.
             Slain by a killer bee (6 damage)
             ... on level 7 of the Dungeon.
             The game lasted 00:27:19 (9133 turns).

hannobal the Basher (Formicid Fighter)              Turns: 9133, Time: 00:27:19

Health: -4/64      AC: 11    Str: 24    XL:     9   Next: 84%
Magic:  14/14      EV:  8    Int:  8    God:    Ru [......]
Gold:   394        SH: 11    Dex: 10    Spells: 0 memorised, 8 levels left

rFire  . . .     SeeInvis +     a - +0 dire flail
rCold  . . .     Clarity  .     x - +0 chain mail
rNeg   + . .     SustAb   .     c - +1 shield
rPois  .         Gourm    +     (helmet unavailable)
rElec  .         Spirit   .     H - +0 cloak
rCorr  .         Warding  .     n - +0 pair of gloves
rMut   .         Stasis   +     (no boots)
MR     .....                    B - amulet of the gourmand
Stlth  ..........               (no ring)
                                F - ring of positive energy

@: lethally poisoned (-4 -> -13), not resistant to hostile enchantments,
extremely unstealthy
A: permanent stasis, dig shafts and tunnels, four strong arms, antennae 3
a: Dig, Shaft Self, Renounce Religion


You were on level 7 of the Dungeon.
You worshipped Ru.
Ru was noncommittal.
You were very full.

You visited 2 branches of the dungeon, and saw 9 of its levels.

You collected 394 gold pieces.

Inventory:

Hand weapons
 a - a +0 dire flail (weapon)
 b - a +0 hunting sling
 w - the +10 dagger of Mnemue {freeze, +Inv rF+ rC+ Str-5 Dex-3}
   (You found it on level 5 of the Dungeon)

   It has been specially enchanted to freeze those struck by it, causing extra
   injury to most foes and up to half again as much damage against particularly
   susceptible opponents.
   It can also slow down cold-blooded creatures.
   It affects your strength (-5).
   It affects your dexterity (-3).
   It protects you from fire.
   It protects you from cold.
   It lets you turn invisible.
 y - a +1 flail of pain
 C - a +0 blowgun
 D - a +0 trident
Missiles
 h - 3 tomahawks of returning
 j - 18 tomahawks (quivered)
 k - 188 stones
 m - 43 poisoned needles
 s - 34 bolts
 t - 7 javelins
 u - 34 bolts of flame
 A - 18 sling bullets
Armour
 c - a +1 shield (worn)
 n - a +0 pair of gloves (worn)
 q - the -2 robe of Yxziaq {rCorr}
   (You found it on level 5 of the Dungeon)

   It protects you from acid and corrosion.
 x - a +0 chain mail (worn)
 E - a +3 leather armour of positive energy
 H - a +0 cloak (worn)
Jewellery
 B - an amulet of the gourmand (around neck)
 F - a ring of positive energy (left hand)
Scrolls
 e - a scroll of recharging
 i - 2 scrolls of identify
 l - a scroll of enchant weapon
 o - a scroll of magic mapping
 r - a scroll of remove curse
 K - a scroll of noise
Potions
 G - 2 potions of restore abilities
 I - a potion of flight
Comestibles
 d - 6 bread rations {@e1}
 g - 6 fruits
 p - a meat ration {@e2}
 v - a slice of pizza
 z - a royal jelly


   Skills:
 - Level 3.2 Fighting
 + Level 11.5 Maces & Flails
 - Level 3.2 Armour
 - Level 3.3 Dodging
 - Level 5.0 Shields
 - Level 1.4 Evocations


You had 8 spell levels left.
You didn't know any spells.

Dungeon Overview and Level Annotations

Branches:
Dungeon (8/15)             Temple (1/1) D:4
   Lair: D:8-11

Altars:
Ashenzari
Dithmenos
Elyvilon
Fedhas
Gozag
Kikubaaqudgha
Nemelex Xobeh
Qazlal
Ru
Sif Muna
Trog
Vehumet
Xom
Yredelemnul

Shops:
D:4 %

Annotations:
D:7 Dowan


Innate Abilities, Weirdness & Mutations

You are under a permanent stasis effect.
You can dig through walls and to a lower floor.
Your four strong arms can wield two-handed weapons with a shield.
You have a pair of large antennae on your head (SInv).


Message History

The killer bee is moderately wounded.
* * * LOW HITPOINT WARNING * * *
You feel sick. The killer bee completely misses you.
You miss the killer bee.
The killer bee is moderately wounded.
* * * LOW HITPOINT WARNING * * *
You feel sick. You block the killer bee's attack.
You closely miss the killer bee.
The killer bee is moderately wounded.
* * * LOW HITPOINT WARNING * * *
You feel sick.
The killer bee stings you but does no damage.
The killer bee stings you.
* * * LOW HITPOINT WARNING * * *
Unknown command.
Your shield and chain mail prevent you from hitting the killer bee.
The killer bee is moderately wounded.
* * * LOW HITPOINT WARNING * * *
You feel sick. The killer bee stings you.
You die...

#####......##
##.....######
#######.....##
.##.........#
.#..####....#
............#
##.#.)##....#
##..........# ###
#..#####....# #@##
..##
#....#####y####
#.#
##.......{o...#
..##
###[.........#
...## ##.........#
....## #.........#
.....# #.........#
.....#
#.........#######
.....#####
###########.....##


You could see a killer bee and an orc.

Vanquished Creatures
  Prince Ribbit (D:6)
  The ghost of Kharon the Thaumaturge, an average DEFE (D:4)
  A hungry ghost (D:7)
  Edmund (D:6)
  An orc warrior (D:6)
  2 ice beasts
  3 phantoms
  An ogre (D:5)
  2 centaurs
  2 giant frogs (D:7)
  A big kobold (D:7)
  4 killer bees (D:7)
  A centaur zombie (D:7)
  An iguana (D:6)
  A jelly (D:7)
  3 orc priests
  A giant frog skeleton (D:5)
  2 hounds (D:7)
  4 orc wizards
  4 worker ants
  Ijyb (D:7)
  A hound skeleton (D:5)
  A hound zombie (D:5)
  A worker ant zombie (D:6)
  5 adders
  A worm (D:2)
  2 adder zombies
  2 adder skeletons
  2 oozes
  28 orcs
  5 giant cockroaches
  13 hobgoblins
  5 jackals
  A quokka (D:6)
  2 ball python skeletons (D:4)
  20 bats
  6 giant geckos
  3 giant newts
  13 goblins
  A jackal skeleton (D:4)
  17 kobolds
  2 quokka skeletons
  12 rats
181 creatures vanquished.

Notes
Turn   | Place    | Note
--------------------------------------------------------------
     0 | D:1      | hannobal, the Formicid Fighter, began the quest for the Orb.
     0 | D:1      | Reached XP level 1. HP: 18/18 MP: 1/1
   231 | D:1      | Reached XP level 2. HP: 24/24 MP: 3/3
   723 | D:2      | Reached XP level 3. HP: 22/29 MP: 4/4
  1067 | D:2      | Reached skill level 4 in Maces & Flails
  1067 | D:2      | Reached XP level 4. HP: 14/35 MP: 5/5
  2110 | D:3      | Reached XP level 5. HP: 31/41 MP: 7/7
  2634 | D:3      | Reached skill level 5 in Maces & Flails
  2982 | D:4      | Noticed Kharon's ghost (average DEFE)
  3173 | D:4      | Killed Kharon's ghost
  3173 | D:4      | Reached XP level 6. HP: 25/47 MP: 8/8
  3581 | D:4      | Found Qiwikuaj's Food Shoppe.
  4164 | D:4      | Found a staircase to the Ecumenical Temple.
  4173 | Temple   | Entered the Ecumenical Temple
  4289 | Temple   | Became a worshipper of Ru the Awakened
  4583 | D:4      | Reached XP level 7. HP: 52/52 MP: 9/9
  4592 | D:4      | Found an opulent altar of Gozag.
  4723 | D:4      | Noticed a phantom
  4777 | D:4      | Killed a phantom
  4777 | D:4      | Reached skill level 6 in Maces & Flails
  4908 | D:5      | Entered Level 5 of the Dungeon
  4930 | D:5      | Got a slimy robe
  4952 | D:4      | Identified the cursed -2 robe of Yxziaq {rCorr} (You found it on level 5 of the Dungeon)
  5144 | D:5      | Got a faintly glowing dagger
  5145 | D:5      | Identified the +10 dagger of Mnemue {freeze, +Inv rF+ rC+ Str-5 Dex-3} (You found it on level 5 of the Dungeon)
  5219 | D:5      | Reached skill level 7 in Maces & Flails
  5472 | D:5      | Found a bloodstained altar of Trog.
  6241 | D:6      | Reached XP level 8. HP: 53/58 MP: 11/11
  6284 | D:6      | Reached skill level 8 in Maces & Flails
  7192 | D:6      | Reached skill level 1 in Evocations
  7209 | D:6      | Reached skill level 9 in Maces & Flails
  7337 | D:7      | Noticed Prince Ribbit
  7486 | D:6      | Killed Prince Ribbit
  7498 | D:7      | Reached XP level 9. HP: 25/64 MP: 14/14
  7503 | D:7      | Reached skill level 10 in Maces & Flails
  7780 | D:7      | Noticed Dowan
  7821 | D:7      | Noticed Edmund
  7843 | D:6      | Killed Edmund
  8234 | D:7      | Noticed Ijyb
  8245 | D:7      | Killed Ijyb
  8277 | D:7      | Reached skill level 5 in Shields
  8515 | D:8      | Reached skill level 11 in Maces & Flails
  9132 | D:7      | HP: 2/64 [killer bee (2)]
  9133 | D:7      | Slain by a killer bee

Action                   |  1- 3 |  4- 6 |  7- 9 || total
-------------------------+-------+-------+-------++-------
Melee: Flail             |   161 |   239 |   282 ||   682
       Dire flail        |       |       |   176 ||   176
 Fire: Blowgun           |       |       |     3 ||     3
Throw: Tomahawk          |       |     7 |    15 ||    22
Invok: Reject Sacrifices |       |       |     1 ||     1
 Abil: Dig               |       |     3 |     5 ||     8
  Use: Scroll            |     5 |     5 |    10 ||    20
       Potion            |     4 |     2 |     2 ||     8
  Eat: Chunk             |     1 |     7 |    28 ||    36
       Bread ration      |       |     1 |       ||     1
